 Dungeon Crawl Stone Soup version 0.30-a0-568-g124715a40b (webtiles) character file.

Game seed: 13654748772513107598

869 flotson the Sneak (level 7, -1/55 HPs)
             Began as a Demonspawn Delver on Dec 29, 2022.
             Slain by an orc wizard
             ... wielding a +2 dagger of venom
              (4 damage)
             ... on level 5 of the Dungeon.
             The game lasted 00:09:35 (4175 turns).

flotson the Sneak (Demonspawn Delver)               Turns: 4175, Time: 00:09:36

Health: -1/55      AC:  9    Str: 15    XL:     7   Next: 73%
Magic:  7/7        EV: 12    Int: 11    God:
Gold:   280        SH: 11    Dex: 14    Spells: 6/6 levels left

rFire   . . .      SeeInvis .    u - +0 broad axe
rCold   . . .      Faith    .    (no shield)
rNeg    . . .      Spirit   .    i - +0 ring mail
rPois   .          Reflect  +    p - +0 helmet
rElec   .          Harm     .    a - +1 cloak {Will+}
rCorr   .          Rampage  .    w - +0 pair of gloves
Will    +....                    (no boots)
Stlth   ++                       r - amulet of reflection
HPRegen 0.29/turn                (no ring)
MPRegen 0.10/turn                (no ring)

@: lethally poisoned (-1 -> -12)
A: claws 1, large bone plates 2
a: no special abilities


You were on level 5 of the Dungeon.
You visited 2 branches of the dungeon, and saw 6 of its levels.

You collected 280 gold pieces.

Inventory:

Hand Weapons
 u - a +0 broad axe (weapon)
Missiles
 q - a poisoned dart (quivered)
Armour
 a - a +1 cloak of willpower (worn)
 i - a +0 ring mail (worn)
 p - a +0 helmet (worn)
 w - a +0 pair of gloves (worn)
Jewellery
 r - an amulet of reflection (around neck)
Wands
 g - a wand of digging (2)
Scrolls
 b - a scroll of blinking {unknown}
 c - 3 scrolls of fog
 d - a scroll of magic mapping
 e - 2 scrolls of teleportation {unknown}
 h - a scroll of enchant armour {unknown}
 l - 2 scrolls of amnesia {unknown}
 m - 2 scrolls of enchant weapon {unknown}
 o - 3 scrolls of identify {unknown}
 s - a scroll of brand weapon {unknown}
 t - a scroll of silence {unknown}
Potions
 f - 2 potions of might
 j - a potion of magic {unknown}
 k - a potion of attraction {unknown}
 n - 5 potions of curing
 v - a potion of degeneration {unknown}


   Skills:
 + Level 4.4 Fighting
 * Level 4.3 Axes
 + Level 2.2 Throwing
 + Level 2.7 Armour
 + Level 3.5 Dodging
 - Level 5.0 Stealth
 + Level 3.1 Evocations


You had 6 spell levels left.
You didn't know any spells.
Your spell library contained the following spells:

 Spells                   Type           Power      Damage    Failure   Level
 Blink                    Tloc           0%         N/A       71%         2
 Cigotuvi's Dreadful Rot  Necr/Pois/Air  0%         N/A       71%         2
 Momentum Strike          Conj/Tloc      0%         3d8       71%         2
 Poisonous Vapours        Pois/Air       0%         N/A       71%         2
 Lesser Beckoning         Tloc           0%         N/A       90%         3
 Mephitic Cloud           Conj/Pois/Air  0%         N/A       90%         3
 Summon Ice Beast         Ice/Summ       0%         N/A       100%        4
 Summon Mana Viper        Hex/Summ       0%         N/A       100%        5
 Monstrous Menagerie      Summ           0%         N/A       100%        7


Dungeon Overview and Level Annotations

Branches:
Dungeon (5/15)             Temple (1/1) D:4

Altars:
Ashenzari
Dithmenos
Gozag
Kikubaaqudgha
Makhleb
Nemelex Xobeh
Okawaru
Qazlal
Sif Muna
Uskayaw


Innate Abilities, Weirdness & Mutations

You have sharp fingernails.
You are mostly covered in large bone plates. (SH +6)


Message History

You slash Eustachio!
You kill Eustachio!
You hit the orc.
You feel very sick. The orc barely misses you. You block the orc's attack.
Your Evocations skill increases to level 3!
The orc attacks as you move away! The orc closely misses you.
You feel sick.
Things that are here:
a +3 rapier of venom; a +0 leather armour You slash the orc!
You kill the orc!
You feel sick.
You feel sick. Something hits you but does no damage.
You are more poisoned.
Things that are here:
a +0 dagger; a +0 leather armour; an orc corpse You hit something.
You feel very sick. Something completely misses you.
You miss something.
You feel very sick.
You hear some strange, mumbled words.
A magic dart appears from out of thin air!
The magic dart hits you. Something barely misses you.
You miss something.
You feel sick. Something hits you but does no damage.
You are more poisoned.
You slash something!
You feel very sick. Something hits you.
* * * LOW HITPOINT WARNING * * *
You are lethally poisoned!
You hear some strange, mumbled words.
A magic dart appears from out of thin air!
The magic dart hits you.
* * * LOW HITPOINT WARNING * * *
You closely miss something.
* * * LOW HITPOINT WARNING * * *
You feel very sick. Something hits you.
You die...

#.# #.######. #
#...@..o.
.###.##...o.o..
...........o... #.# #.#
+## #. #.##########....#
#.##((...o{@)......#
#..##.##..#########.....
#.........######
####.######
#.#.#..........
.#.......
#.#.#.#.#####..
......... #.#.#.#.#
#....... #...>.#.#
#....... #...(##.#
#....... #....##.#
##(......


You could see an orc.

Vanquished Creatures
  Grinder (D:3)
  Eustachio (D:5)
  Duvessa (D:4)
  Blork the orc (D:4)
  A scorpion (D:5)
  Dowan (D:4)
  A hound (D:5)
  Crazy Yiuf (D:4)
  A jelly (D:4)
  An iguana (D:4)
  Robin (D:3)
  6 adders
  A worm (D:2)
  2 dart slugs
  4 orcs
  4 endoplasms
  A giant cockroach (D:3)
  16 goblins
  8 hobgoblins
  3 jackals (D:4)
  3 quokkas
  5 ball pythons
  5 bats
  7 kobolds
  7 rats
83 creatures vanquished.

Vanquished Creatures (others)
  2 plants (D:4)
2 creatures vanquished.

Grand Total: 85 creatures vanquished

Notes
Turn   | Place    | Note
-------+----------+-------------------------------------------
     0 | D:5      | flotson the Demonspawn Delver began the quest for the Orb.
     0 | D:5      | Reached XP level 1. HP: 18/18 MP: 1/1
     4 | D:4      | Noticed a jelly
    54 | D:5      | Noticed a hound
    75 | D:5      | Killed a hound
    76 | D:5      | Reached skill level 1 in Evocations
    76 | D:5      | Gained mutation: You have sharp fingernails. [demonic
                  | ancestry]
    76 | D:5      | Reached XP level 2. HP: 13/24 MP: 2/2
    76 | D:5      | Gained mutation: You are partially covered in large bone
                  | plates. (SH +4) [demonic ancestry]
    76 | D:5      | Reached XP level 3. HP: 16/29 MP: 3/3
   213 | D:5      | Noticed a scorpion
   272 | D:5      | HP: 1/29 [poisoned by an orc]
   391 | D:4      | Noticed Blork the orc
   420 | D:4      | Reached skill level 1 in Armour
   444 | D:4      | Noticed a phantom
   516 | D:3      | Noticed Robin
   694 | D:3      | Reached XP level 4. HP: 34/35 MP: 4/4
  1789 | D:3      | Killed Robin
  1895 | D:3      | Gained mutation: You are mostly covered in large bone
                  | plates. (SH +6) [demonic ancestry]
  1895 | D:3      | Reached XP level 5. HP: 39/41 MP: 5/5
  2145 | D:2      | Reached skill level 5 in Stealth
  2680 | D:3      | Noticed Grinder
  2701 | D:3      | Paralysed by Grinder for 5 turns
  2716 | D:3      | Killed Grinder
  2717 | D:3      | Reached skill level 1 in Throwing
  2717 | D:3      | Reached XP level 6. HP: 15/48 MP: 6/6
  2934 | D:4      | Noticed Duvessa
  2934 | D:4      | Noticed Dowan
  3064 | D:4      | Found a staircase to the Ecumenical Temple.
  3071 | Temple   | Entered the Ecumenical Temple
  3325 | D:4      | Killed Blork the orc
  3504 | D:4      | Killed Dowan
  3505 | D:4      | Reached XP level 7. HP: 54/54 MP: 7/7
  3541 | D:4      | Found a runed translucent door.
  3542 | D:4      | Noticed Crazy Yiuf
  3554 | D:4      | Killed Crazy Yiuf
  3782 | D:4      | Killed Duvessa
  4140 | D:5      | Noticed Eustachio
  4167 | D:5      | Killed Eustachio
  4175 | D:5      | Slain by an orc wizard

Illustrated notes

Levels and vault maps discovered:
D:1:      evilmike_arrival_crescent, layout_loops_ring
D:2:      layout_basic
D:3:      layout_rooms, dk_vineyard_2, moated_statue, due_unseen_surprise,
          uniq_grinder, uniq_robin
D:4:      layout_cave_pools, minmay_temple_entry_overgrown, serial_bayou_ford_a,
          uniq_blork_the_orc, uniq_crazy_yiuf_cottage, uniq_duvessa
D:5:      kennysheep_windowed_halls, layout_basic, uniq_eustachio, uniq_ijyb
Temple:   grunt_temple_mini_profane

Skill      XL: |  1  2  3  4  5  6  7 |
---------------+----------------------+-----
Axes           | 2 3 4 |  4.3
Dodging        | 2 3 |  3.5
Evocations     | 1 2 3 |  3.1
Armour         | 1 2 |  2.7
Stealth        | 5 |  5.0
Throwing       | 1 2 |  2.2
Fighting       | 4 |  4.4

Action                   |  1- 3 |  4- 6 |  7- 9 || total
-------------------------+-------+-------+-------++-------
Melee: Hand axe          |    20 |       |       ||    20
       Whip              |    50 |   137 |       ||   187
       Punch             |       |     1 |       ||     1
       Broad axe         |       |    65 |    45 ||   110
Throw: Dart              |       |     3 |     7 ||    10
Evoke: Wand              |       |     1 |       ||     1
  Use: Potion            |     1 |       |     4 ||     5
       Scroll            |     2 |       |       ||     2
 Stab: Sleeping          |     1 |     4 |     1 ||     6
Armor: Leather armour    |    18 |       |       ||    18
       Ring mail         |     4 |    70 |    16 ||    90
Dodge: Dodged            |    82 |   126 |    26 ||   234
Block: Other             |    18 |    47 |    27 ||    92

Table legend: (Time is in decaauts)
 A = Elapsed time spent in this place.
 B = Non-inter-level travel time spent in this place.
 C = Inter-level travel time spent in this place.
 D = Time resting spent in this place.
 E = Time spent auto-exploring this place.
 F = Levels seen in this place.
 G = Mean time per level.
                   A        B        C        D        E       F      G
               +--------+--------+--------+--------+--------+-----+--------+
         Total |   4227 |   3953 |    274 |    496 |   2358 |   6 |  704.5 |
       Dungeon |   3930 |   3694 |    236 |    433 |   2175 |   5 |  786.0 |
        Temple |    296 |    258 |     38 |     63 |    183 |   1 |  296.0 |
               +--------+--------+--------+--------+--------+-----+--------+

Top non-repeatable levels by time:
     D:3: 983 daAuts
     D:4: 966 daAuts
     D:2: 737 daAuts
     D:1: 698 daAuts
     D:5: 546 daAuts
  Temple: 296 daAuts
